 Dungeon Crawl Stone Soup version 0.23-a0-629-gae4348f6cf (webtiles) character file.

72817 RKaid the Fighter (level 15, -2/110 HPs)
             Began as an Octopode Wizard on Dec 22, 2018.
             Was the Champion of Nemelex Xobeh.
             Killed from afar by an ice dragon (44 damage)
             ... with a blast of cold
             ... on level 15 of the Dungeon on Dec 25, 2018.
             The game lasted 03:05:43 (41658 turns).

RKaid the Fighter (Octopode Wizard)                Turns: 41658, Time: 03:05:44

Health: -2/110     AC:  9    Str:  8    XL:     15   Next: 41%
Magic:  42/45      EV: 20    Int: 25    God:    Nemelex Xobeh [******]
Gold:   1693       SH: 10    Dex: 17    Spells: 8/30 levels left

rFire    + + +     SeeInvis +   a - +1 trident "Sanizu Guhiu" {elec, Fragile rF++ MP+9 Dex+4} (curse)
rCold    . . .     Gourm    .   b - +0 shield
rNeg     + . .     Faith    .   J - +3 hat "Ishiul" {+Fly rF+ MP+9}
rPois    +         Spirit   .   Q - amulet of regeneration {+regen}
rElec    .         Reflect  .   j - ring of protection from fire {rF+}
rCorr    .         Harm     .   u - ring of flight {+Fly}
MR       +....                  p - ring of poison resistance {rPois}
Stlth    +++.......             x - +5 ring of protection
HPRegen  0.68/turn              V - ring of see invisible {sInv}
MPRegen  0.29/turn              R - ring of positive energy {rN+}
                                q - ring "Amuy" {Wiz Dex+2}
                                P - +1 ring of evasion

@: studying Evocations
A: almost no armour, stealthy swim, amphibious, 8 rings, constrict 8, camouflage
1, gelatinous body 1
a: Draw Escape, Draw Destruction, Draw Summoning, Draw Stack, Triple Draw, Deal
Four, Stack Five, Renounce Religion, Evoke Flight


You were on level 15 of the Dungeon.
You worshipped Nemelex Xobeh.
Nemelex Xobeh was exalted by your worship.
You were hungry.

You visited 4 branches of the dungeon, and saw 24 of its levels.
You also visited: Gauntlet.

You collected 2616 gold pieces.
You spent 923 gold pieces at shops.

Inventory:

Hand Weapons
 a - the cursed +1 trident "Sanizu Guhiu" (weapon) {elec, Fragile rF++ MP+9 Dex+4}
   (You found it on level 2 of the Lair of Beasts)

   Occasionally, upon striking a foe, it will discharge some electrical energy
   and cause terrible harm.
   It affects your dexterity (+4).
   It greatly protects you from fire.
   It affects your magic capacity (+9).
   It will be destroyed if unequipped.
   It has a curse placed upon it.
 T - the +9 long sword "Emiblaik" {venom, rPois rF+ SInv}
   (You found it on level 6 of the Lair of Beasts)

   It poisons the flesh of those it strikes.
   It protects you from fire.
   It protects you from poison.
   It lets you see invisible.
Armour
 b - a +0 shield (worn)
   (You found it on level 11 of the Dungeon)
 J - the +3 hat "Ishiul" (worn) {+Fly rF+ MP+9}
   (You found it in a Gauntlet)

   It protects you from fire.
   It affects your magic capacity (+9).
   It lets you fly.
Jewellery
 j - a ring of protection from fire (left tentacle) {rF+}
   (You found it on level 1 of the Dungeon)
 n - an uncursed amulet of the acrobat
   (You found it on level 6 of the Lair of Beasts)
 p - a ring of poison resistance (on tentacle) {rPois}
   (You found it on level 3 of the Dungeon)
 q - the ring "Amuy" (on tentacle) {Wiz Dex+2}
   (You bought it in a shop on level 8 of the Dungeon)

   [ring of wizardry]

   It improves your spell success rate.
   It affects your dexterity (+2).
 u - a ring of flight (right tentacle) {+Fly}
   (You found it on level 3 of the Dungeon)
 x - a +5 ring of protection (on tentacle)
   (You found it on level 6 of the Dungeon)
 P - a +1 ring of evasion (on tentacle)
   (You found it on level 15 of the Dungeon)
 Q - an amulet of regeneration (around mantle) {+regen}
   (You found it on level 4 of the Lair of Beasts)
 R - a ring of positive energy (on tentacle) {rN+}
   (You found it on level 12 of the Dungeon)
 V - a ring of see invisible (on tentacle) {sInv}
   (You found it on level 5 of the Lair of Beasts)
Wands
 r - a wand of polymorph (14)
   (You found it on level 5 of the Dungeon)
 A - a wand of acid (1)
   (You found it on level 6 of the Dungeon)
 C - a wand of clouds (5)
   (You found it in a Gauntlet)
 D - a wand of digging (12)
   (You found it on level 2 of the Lair of Beasts)
 G - a wand of flame (31)
   (You found it on level 1 of the Lair of Beasts)
 N - a wand of enslavement (6)
   (You found it on level 1 of the Lair of Beasts)
 X - a wand of iceblast (6)
   (You found it on level 10 of the Dungeon)
 Y - a wand of paralysis (5)
   (You found it on level 6 of the Lair of Beasts)
Scrolls
 i - 4 scrolls of identify
 l - a scroll of blinking {!r}
 o - 14 scrolls of remove curse
 t - 11 scrolls of teleportation
 y - 2 scrolls of silence
 z - 5 scrolls of magic mapping {!r}
 B - 6 scrolls of fog
 S - 3 scrolls of fear
Potions
 c - 10 potions of curing
 d - 3 potions of ambrosia
 e - 3 potions of agility
 g - 2 potions of haste
 h - 5 potions of heal wounds
 k - a potion of resistance
 m - 4 potions of flight
 v - 4 potions of berserk rage {!q}
 w - 2 potions of might
 E - 2 potions of invisibility
 F - a potion of brilliance
 H - a potion of magic
 L - a potion of lignification {!q}
 U - 2 potions of mutation {!q!q}
 W - 2 potions of cancellation
Books
 s - a manual of Evocations
   (You found it on level 3 of the Lair of Beasts)
Miscellaneous
 I - a box of beasts
 K - a phial of floods
   (You found it in a Gauntlet)
 M - a crystal ball of energy
   (You found it on level 1 of the Lair of Beasts)
Comestibles
 f - 29 rations


   Skills:
 - Level 13.0 Fighting
 - Level 10.0 Dodging
 - Level 2.6 Stealth
 * Level 9.0 Shields
 - Level 8.1 Spellcasting
 + Level 7.6 Conjurations
 - Level 4.1 Hexes
 - Level 4.0 Charms
 - Level 4.1 Summonings
 - Level 4.0 Necromancy
 - Level 1.0 Translocations
 + Level 7.7 Earth Magic
 - Level 11.0 Invocations
 + Level 10.3 Evocations


You had 8 spell levels left.
You knew the following spells:

 Your Spells              Type           Power        Failure   Level  Hunger
a - Magic Dart            Conj           ####         1%          1    None
b - Call Imp              Summ           ####....     1%          2    None
c - Mephitic Cloud        Conj/Pois/Air  ###.....     6%          3    None
d - Conjure Flame         Conj/Fire      ####....     3%          3    None
e - Confusing Touch       Hex            ####..       1%          1    None
f - Iron Shot             Conj/Erth      #####.....   32%         6    ######.
A - Animate Skeleton      Necr           N/A          1%          1    None
B - Blink                 Tloc           N/A          5%          2    None
C - Regeneration          Chrm/Necr      ####......   3%          3    None

Your spell library contained the following spells:

 Spells                   Type           Power        Failure   Level  Hunger
 Corona                   Hex            ####...      1%          1    None
 Pain                     Necr           ####         1%          1    None
 Sting                    Conj/Pois      ####         1%          1    None
 Summon Small Mammal      Summ           ####         1%          1    None
 Slow                     Hex            ####....     1%          2    None
 Apportation              Tloc           ###...       3%          1    None
 Vampiric Draining        Necr           ####......   3%          3    None
 Leda's Liquefaction      Hex/Erth       #####.....   4%          4    ##.....
 Portal Projectile        Hex/Tloc       ###...       5%          3    None
 Inner Flame              Hex/Fire       ###.....     6%          3    None
 Ozocubu's Armour         Chrm/Ice       ###.....     7%          3    None
 Poisonous Vapours        Pois/Air       ##....       8%          2    None
 Animate Dead             Necr           N/A          10%         4    ##.....
 Cause Fear               Hex            ####......   10%         4    ##.....
 Iskenderun's Battlesphe  Conj/Chrm      #####...     13%         5    ####...
 Bolt of Magma            Conj/Fire/Erth #####.....   17%         5    ####...
 Excruciating Wounds      Chrm/Necr      ####......   26%         5    ####...
 Venom Bolt               Conj/Pois      ####......   28%         5    ####...
 Olgreb's Toxic Radiance  Pois           ##......     43%         4    ##.....
 Silence                  Hex/Air        ###.......   50%         5    ####...
 Yara's Violent Unravell  Hex/Tmut       ###.......   50%         5    ####...
 Orb of Destruction       Conj           #####.....   86%         7    #######
 Deflect Missiles         Chrm/Air       ###.......   96%         6    ######.
 Spellforged Servitor     Conj/Summ      #####.....   98%         7    #######
 Ring of Flames           Chrm/Fire      ###.......   100%        7    #######
 Discord                  Hex            ####......   100%        8    #######


Dungeon Overview and Level Annotations

Branches:
Dungeon (15/15)            Temple (1/1) D:7            Lair (6/6) D:8
  Swamp (0/4) Lair:2        Snake (0/4) Lair:3        Slime (0/5) Lair:5
    Orc (2/2) D:11            Elf (0/3) Orc:2        Vaults (0/5) D:13
 Depths: D:15

Altars:
Ashenzari
Cheibriados
Dithmenos
Elyvilon
Fedhas
Gozag
Hepliaklqana
Kikubaaqudgha
Makhleb
Nemelex Xobeh
Okawaru
Qazlal
Ru
Sif Muna
Trog
Uskayaw
Vehumet
Wu Jian
Xom
Yredelemnul
Zin
The Shining One
Beogh

Shops:
D:6 [   D:8 =   D:9 !%!*   D:13 (   Orc:1 *   Orc:2 :(?(

Annotations:
D:6 3 runed doors, Edmund; dcsswall's ghost, novice BaIE
D:8 2 transporters, exclusion: human
D:9 exclusion: Psyche, Psyche
D:10 3 runed doors, feta's ghost, journeyman FoFi
Lair:1 exclusion: downstairs
Lair:5 exclusion: 4 oklob plants


Innate Abilities, Weirdness & Mutations

You cannot wear most types of armour.
You are very stealthy in the water. (Stealth+)
You are amphibious.
You can wear up to eight rings at the same time.
You can use your tentacles to constrict eight enemies at once.
Your skin changes colour to match your surroundings (Stealth+).
Your rubbery body absorbs attacks. (AC +1, EV +1)


Message History

Your wyvern bites the fire dragon.
The fire dragon dies!
The wraith hits you! The wraith drains your vigour!
You feel as though you will be slow longer.
Your wyvern bites the wraith but does no damage.
Your wyvern bites the wraith!
The wraith is destroyed!
You start resting.
Your wyvern disappears in a puff of smoke! x2
You feel yourself speed up.
You start resting.
Your wyvern disappears in a puff of smoke! x2
You are feeling hungry.
An ice dragon comes into view.
The ice dragon roars deafeningly!
Evoke which item? (* to show all) (? for menu, Esc to quit)
Aiming: Throw Flame
Press: ? - help, Shift-Dir - straight line, f - ice dragon
Aim: an ice dragon The puff of flame hits the ice dragon.
The ice dragon is burned terribly!
Evoke which item? (* to show all) (? for menu, Esc to quit)
Aiming: Throw Flame
Press: ? - help, Shift-Dir - straight line, f/p - ice dragon
Aim: an ice dragon (lightly wounded)
The puff of flame hits the ice dragon.
The ice dragon is burned terribly!
Evoke which item? (* to show all) (? for menu, Esc to quit)
Aiming: Throw Flame
Press: ? - help, Shift-Dir - straight line, f/p - ice dragon
Aim: an ice dragon (lightly wounded)
The puff of flame hits the ice dragon.
The ice dragon appears unharmed.
You draw a card...
You have drawn Wild Magic.
The ice dragon is moving more slowly.
You feel a surge of magic. The ice dragon breathes frost at you.
The blast of cold misses you.
You completely miss the ice dragon. The ice dragon bites you!
The ice dragon claws you. The ice dragon barely misses you.
Attack whom?
Press: ? - help, Dir - move target cursor, f/p - ice dragon
Aim: an ice dragon (lightly wounded, slowly petrifying, catching its breath)
You reach to attack!
You hit the ice dragon.
The ice dragon stops moving altogether!
The helpless ice dragon fails to defend itself.
You hit the ice dragon but do no damage.
Lightning courses through the ice dragon!
The helpless ice dragon fails to defend itself.
You hit the ice dragon.
You squeeze the ice dragon, but do no damage.
The helpless ice dragon fails to defend itself.
You hit the ice dragon.
Lightning courses through the ice dragon!
The helpless ice dragon fails to defend itself.
You puncture the ice dragon!
Lightning courses through the ice dragon!
The helpless ice dragon fails to defend itself.
You hit the ice dragon but do no damage.
The helpless ice dragon fails to defend itself.
You hit the ice dragon but do no damage.
You squeeze the ice dragon.
The ice dragon is no longer petrified.
The ice dragon completely misses you. You block the ice dragon's attack. x2
You hit the ice dragon but do no damage.
Your squeeze misses the ice dragon.
The ice dragon bites you but does no damage.
You block the ice dragon's attack. The ice dragon tramples you!
You stumble backwards!
You block the ice dragon's attack. The ice dragon claws you.
The ice dragon completely misses you.
You hit the ice dragon but do no damage.
You block the ice dragon's attack. The ice dragon misses you.
You block the ice dragon's attack.
You closely miss the ice dragon. The ice dragon misses you.
The ice dragon claws you. The ice dragon completely misses you.
The ice dragon bites you! The ice dragon closely misses you.
The ice dragon tramples you.
You stumble backwards!
You draw a card...
You have drawn the Illusion.
Suddenly you stand beside yourself. The ice dragon bites you!
The ice dragon barely misses you. You block the ice dragon's attack.
RKaid's illusion hits the ice dragon but does no damage.
Lightning courses through the ice dragon!
The ice dragon misses RKaid's illusion.
The ice dragon claws RKaid's illusion.
The ice dragon tramples RKaid's illusion!
RKaid's illusion is shoved backwards!
RKaid's illusion hits the ice dragon!
Lightning courses through the ice dragon!
You closely miss the ice dragon. You squeeze the ice dragon.
The ice dragon bites you! You block the ice dragon's attack.
The ice dragon tramples you!
You hold your ground!
RKaid's illusion hits the ice dragon but does no damage.
You are too injured to fight recklessly!
Casting: Animate Skeleton (safe; 1% risk of failure)
Confirm with . or Enter, or press ? or * to list all spells.
You blink.
RKaid's illusion barely misses the ice dragon.
Casting: Blink (safe; 5% risk of failure)
Confirm with . or Enter, or press ? or * to list all spells.
Aiming: Magic Dart (safe; 1% risk of failure)
Press: ? - help, Shift-Dir - straight line, f/p - ice dragon
Aim: an ice dragon (almost dead)
The magic dart hits the ice dragon.
The ice dragon breathes frost at you. The blast of cold hits you!
You die...
Your body disappears without a glow.

#######
##.....#################### ####
##..###....#.......##..##..# #...
#..## ##...#.......##..##..# #..#
#.## ##..........##..##..# #..#
#.# #..........##..##..# #..#
#.#$. #..#....@...#..##..# #..#
#.#$. #..#...........##..# #..#
#.#$D #..#.......##......###..#
#.#..# #..#.......##..#.....#..#
#.# .. #..#.......##..#...#....#
#.###. ##..#.....D@##..#...###...
#.#.#.##...........##..)...# #..#
#.#.#..............##......# #..#
..#.#..8...##...........#..###..#


You could see an ice dragon and the friendly RKaid's illusion.

Vanquished Creatures
  3 hydras
  A catoblepas (Lair:6)
  2 centaur warriors
  A two-headed ogre (D:13)
  A death yak (Lair:4)
  A satyr (Lair:5)
  2 tengu warriors (D:15)
  An iron troll (D:13)
  4 unseen horrors
  A skeletal warrior (D:13)
  2 lindwurms (Lair:6)
  A necromancer (D:13)
  2 orc knights
  An ugly thing (D:13)
  A mana viper (D:15)
  5 orc sorcerers
  A cyclops (D:15)
  2 manticores (Lair:6)
  A black mamba (shapeshifter) (D:13)
  3 centaur zombies
  3 black mambas
  4 spiny frogs
  A gargoyle (D:13)
  3 torpor snails
  2 komodo dragons
  2 rime drakes (Lair:6)
  An efreet (D:13)
  A troll (shapeshifter) (D:12)
  A queen bee (Gauntlet)
  A polar bear (Lair:5)
  3 hornets (Lair:6)
  6 trolls
  3 meliai (Gauntlet)
  12 blink frogs
  7 slime creatures
  A tyrant leech (Lair:6)
  A hornet (shapeshifter) (D:14)
  A dream sheep (Lair:6)
  7 hippogriffs
  A shadow (D:13)
  2 wyverns
  5 wraiths
  A human (D:8)
  21 yaks
  Grum (D:8)
  8 vampire mosquitoes
  4 hungry ghosts
  A warg (Orc:1)
  12 water moccasins
  2 soldier ants
  An acid dragon (D:14)
  Duvessa (D:7)
  6 porcupines
  4 ice beasts
  A black bear (D:8)
  3 sky beasts
  2 eyes of draining
  12 orc warriors
  A necrophage (D:9)
  3 phantoms
  5 boggarts
  9 ogres
  12 centaurs
  12 wolves
  2 big kobolds
  3 crocodiles
  3 bullfrogs
  A wyvern zombie (D:14)
  Dowan (D:7)
  4 scorpions
  14 killer bees
  3 howler monkeys
  19 wights
  A bullfrog zombie (D:12)
  10 crimson imps
  A jelly (D:6)
  5 hounds
  7 orc priests
  29 orc wizards
  A bullfrog skeleton (D:5)
  A centaur skeleton (D:10)
  4 iguanas
  10 worker ants
  A hound zombie (D:5)
  A gnoll (D:10)
  11 adders
  A shadow imp (D:5)
  4 oozes
  2 adder skeletons
  A worm (D:2)
  3 dart slugs
  2 leopard geckos
  74 orcs
  5 ball pythons
  7 bats
  5 giant cockroaches
  7 goblins
  8 hobgoblins
  3 jackals
  6 quokkas
  4 frilled lizards
  A jackal skeleton (D:6)
  4 kobolds
  6 rats
  4 fungi
505 creatures vanquished.

Vanquished Creatures (collateral kills)
  2 orc warlords (Orc:2)
  A minotaur (Gauntlet)
  2 fire dragons
  3 hydras
  A ghost crab (Gauntlet)
  3 ogre magi (Orc:2)
  A centaur warrior (D:14)
  8 death yaks (D:8)
  2 tengu warriors (D:15)
  Urug (Lair:5)
  A shock serpent (shapeshifter) (D:13)
  Nergalle (Orc:2)
  A fire crab (Lair:5)
  A lindwurm (Lair:6)
  4 orc sorcerers (Orc:2)
  A deep elf mage (D:14)
  A cyclops (D:13)
  A manticore (D:15)
  5 black mambas
  A gargoyle (D:14)
  4 torpor snails
  A yaktaur (D:15)
  7 spiny frogs
  2 rime drakes
  2 komodo dragons (Lair:5)
  4 trolls (Orc:2)
  2 tyrant leeches (Lair:6)
  3 hornets (Lair:6)
  31 blink frogs
  5 slime creatures
  13 dream sheep
  A shadow (D:14)
  7 yaks
  A wraith (D:15)
  2 basilisks
  A vampire mosquito (D:15)
  2 hungry ghosts
  2 wargs (Orc:2)
  A soldier ant (D:15)
  9 water moccasins
  7 orc warriors
  2 sky beasts
  A wolf (Lair:2)
  2 ogres
  A centaur (D:7)
  7 crocodiles
  6 bullfrogs
  4 wights
  A howler monkey (D:13)
  2 crimson imps
  15 orc wizards (Orc:2)
  5 orc priests
  An iguana (D:13)
  A worker ant (D:9)
  A hound skeleton (D:8)
  2 gnolls (D:10)
  An adder (Lair:3)
  A shadow imp (D:13)
  15 orcs
  3 kobolds (D:9)
  3 fungi
  A plant (Lair:6)
223 creatures vanquished.

Vanquished Creatures (others)
  A black mamba (Lair:6)
  A spriggan (shapeshifter) (D:15)
  A yak (Lair:3)
  A basilisk (Lair:5)
  A warg (Orc:1)
  An orc warrior (Orc:1)
  A killer bee (Gauntlet)
  A bullfrog skeleton (D:13)
  A jelly (D:13)
  2 orcs (Orc:1)
  11 fungi
  22 plants
44 creatures vanquished.

Grand Total: 772 creatures vanquished

Notes
Turn   | Place    | Note
-------+----------+-------------------------------------------
     0 | D:1      | RKaid the Octopode Wizard began the quest for the Orb.
     0 | D:1      | Reached XP level 1. HP: 11/11 MP: 4/4
   279 | D:1      | Reached XP level 2. HP: 18/18 MP: 1/6
   537 | D:1      | Learned a level 2 spell: Blink
   540 | D:1      | Learned a level 2 spell: Call Imp
   578 | D:1      | Reached skill level 1 in Fighting
  1128 | D:2      | Reached XP level 3. HP: 20/23 MP: 1/7
  1623 | D:2      | Reached skill level 2 in Conjurations
  2257 | D:2      | Reached XP level 4. HP: 29/29 MP: 3/9
  2686 | D:3      | Reached skill level 2 in Fighting
  2992 | D:3      | Learned a level 3 spell: Conjure Flame
  3472 | D:3      | HP: 2/29 [orc wizard/magic dart (9)]
  3554 | D:3      | HP: 6/29 [orc wizard/+0 dagger (2)]
  3555 | D:3      | Reached XP level 5. HP: 7/35 MP: 0/10
  4309 | D:3      | Reached skill level 4 in Spellcasting
  4309 | D:3      | Reached skill level 3 in Conjurations
  4582 | D:4      | Found a hazy altar of Hepliaklqana.
  5169 | D:4      | Reached skill level 3 in Fighting
  5228 | D:4      | Found the +2 pair of boots of the Assassin {Detection Stab+
                  | Stlth++}
  5234 | D:4      | Reached XP level 6. HP: 42/42 MP: 6/12
  5422 | D:3      | Learned a level 1 spell: Confusing Touch
  5426 | D:3      | Learned a level 3 spell: Mephitic Cloud
  5881 | D:5      | Entered Level 5 of the Dungeon
  6222 | D:5      | HP: 7/42 [centaur/arrow (14)]
  6676 | D:5      | Reached skill level 4 in Conjurations
  6676 | D:5      | Reached XP level 7. HP: 32/47 MP: 8/14
  7043 | D:5      | Reached skill level 4 in Fighting
  7043 | D:5      | Reached skill level 5 in Spellcasting
  7527 | D:6      | Found a runed gate.
  7528 | D:6      | Found a runed gate.
  7529 | D:6      | Found a runed gate.
  7532 | D:6      | Noticed dcsswall's ghost (novice BaIE)
  7720 | D:6      | Found Zuasch's Antique Armour Shoppe.
  8069 | D:6      | Noticed Edmund
  8222 | D:6      | Reached skill level 5 in Conjurations
  8222 | D:6      | Reached XP level 8. HP: 54/54 MP: 9/16
  8619 | D:6      | Found a burning altar of Makhleb.
  9030 | D:6      | Reached skill level 5 in Fighting
 10097 | D:7      | Found a blossoming altar of Fedhas.
 10118 | D:7      | Reached skill level 6 in Spellcasting
 10400 | D:7      | Noticed Duvessa
 10400 | D:7      | Noticed Dowan
 10642 | D:6      | Reached skill level 6 in Conjurations
 10765 | D:7      | Killed Dowan
 10776 | D:7      | Killed Duvessa
 10776 | D:7      | Reached skill level 6 in Fighting
 10974 | D:7      | Reached XP level 9. HP: 62/62 MP: 9/18
 11131 | D:7      | Found a shattered altar of Ashenzari.
 11131 | D:7      | Found an ornate altar of the Wu Jian Council.
 11132 | D:7      | Found a white marble altar of Elyvilon.
 11177 | D:7      | Found a staircase to the Ecumenical Temple.
 11196 | Temple   | Entered the Ecumenical Temple
 11491 | D:7      | Found a glowing silver altar of Zin.
 11500 | D:7      | Found a sparkling altar of Nemelex Xobeh.
 11510 | D:7      | Became a worshipper of Nemelex Xobeh the Trickster
 11548 | D:7      | Received a gift from Nemelex Xobeh
 11778 | D:8      | Found an iron altar of Okawaru.
 11809 | D:8      | Noticed a death knight
 11811 | D:8      | Found a transporter.
 11816 | D:8      | Found a transporter.
 11817 | D:8      | Noticed a death knight
 11829 | D:8      | Found a basalt altar of Yredelemnul.
 11839 | D:8      | Found an ancient bone altar of Kikubaaqudgha.
 11871 | D:8      | Noticed Grum
 11887 | D:8      | Reached skill level 1 in Invocations
 11910 | D:8      | Noticed a death knight
 11951 | D:8      | Reached skill level 1 in Hexes
 12252 | D:8      | Killed Grum
 12252 | D:8      | Reached skill level 7 in Spellcasting
 12252 | D:8      | Reached skill level 2 in Summonings
 12478 | D:8      | Reached skill level 7 in Conjurations
 12695 | D:8      | Noticed a death yak
 12706 | D:8      | Noticed a death yak
 12706 | D:8      | Noticed a death yak
 12706 | D:8      | Noticed a death yak
 12726 | D:8      | Received a gift from Nemelex Xobeh
 12728 | D:8      | Found Moghetust's Jewellery Shoppe.
 12730 | D:8      | Noticed a death yak
 12754 | D:8      | Killed a death yak
 12754 | D:8      | Reached skill level 7 in Fighting
 12754 | D:8      | Reached skill level 2 in Hexes
 12754 | D:8      | Reached skill level 2 in Invocations
 12802 | D:8      | Noticed a death yak
 12826 | D:8      | Killed a death yak
 12826 | D:8      | Reached skill level 3 in Summonings
 12826 | D:8      | Reached skill level 3 in Invocations
 12827 | D:8      | Noticed a death yak
 12839 | D:8      | Killed a death yak
 12839 | D:8      | Reached skill level 3 in Hexes
 12839 | D:8      | Reached XP level 10. HP: 71/71 MP: 14/21
 12855 | D:8      | Noticed a death yak
 12871 | D:8      | Killed a death yak
 12880 | D:8      | Killed a death yak
 12904 | D:8      | Found a staircase to the Lair.
 12905 | D:8      | Killed a death yak
 12905 | D:8      | Reached skill level 4 in Summonings
 12905 | D:8      | Reached skill level 4 in Invocations
 12918 | D:8      | Killed a death yak
 12918 | D:8      | Reached skill level 4 in Hexes
 12930 | D:8      | Killed a death yak
 12930 | D:8      | Reached skill level 8 in Fighting
 12930 | D:8      | Reached skill level 8 in Spellcasting
 13397 | D:8      | Reached skill level 5 in Invocations
 13543 | D:9      | Noticed a five-headed hydra
 13624 | D:9      | Found Palyfit's Distillery.
 13720 | D:9      | Found Dumaeck's Assorted Antiques.
 13726 | D:9      | Bought a scroll labeled ZOISUWN TILEFU for 22 gold pieces
 13726 | D:9      | Bought a fuming cyan potion for 19 gold pieces
 14095 | D:8      | Learned a level 1 spell: Animate Skeleton
 14099 | D:8      | Learned a level 3 spell: Regeneration
 14101 | Lair:1   | Entered Level 1 of the Lair of Beasts
 14145 | Lair:1   | Reached * piety under Nemelex Xobeh
 14264 | Lair:1   | Reached skill level 1 in Charms
 14264 | Lair:1   | Reached skill level 1 in Necromancy
 14306 | Lair:1   | Received a gift from Nemelex Xobeh
 14564 | Lair:1   | Found a gate leading to a gauntlet.
 14573 | Gauntlet | Entered a Gauntlet
 14573 | Gauntlet | Found a transporter.
 14573 | Gauntlet | Found a transporter.
 14581 | Gauntlet | Found a transporter.
 14583 | Gauntlet | Found a transporter.
 14596 | Gauntlet | Found a transporter.
 14596 | Gauntlet | Found a transporter.
 14596 | Gauntlet | Noticed an ice statue
 14605 | Gauntlet | Noticed a thrashing horror
 14606 | Gauntlet | Noticed a ghost crab
 14607 | Gauntlet | Found a transporter.
 14610 | Gauntlet | Noticed a thrashing horror
 14611 | Gauntlet | Found a transporter.
 14612 | Gauntlet | Found a transporter.
 14612 | Gauntlet | Found a transporter.
 14618 | Gauntlet | Noticed a gargoyle
 14622 | Gauntlet | Noticed a catoblepas
 14623 | Gauntlet | Found a transporter.
 14632 | Gauntlet | Found a transporter.
 14633 | Gauntlet | Noticed a molten gargoyle
 14634 | Gauntlet | Noticed a molten gargoyle
 14848 | Gauntlet | Reached skill level 3 in Dodging
 14975 | Gauntlet | Killed a ghost crab
 14975 | Gauntlet | Reached XP level 11. HP: 37/77 MP: 23/23
 15015 | Gauntlet | Got a pitted hat
 15162 | Gauntlet | Reached skill level 2 in Charms
 15162 | Gauntlet | Reached skill level 2 in Necromancy
 15333 | Gauntlet | Identified the +3 hat "Ishiul" {+Fly rF+ MP+9} (You found
                  | it in a Gauntlet)
 15387 | Gauntlet | Noticed a minotaur
 15446 | Gauntlet | HP: 13/77 [minotaur/javelin (18)]
 15453 | Gauntlet | Killed a minotaur
 15453 | Gauntlet | Reached skill level 6 in Invocations
 15692 | Lair:1   | Reached skill level 4 in Dodging
 16354 | Lair:2   | Found a staircase to the Swamp.
 16354 | Lair:2   | Noticed a four-headed hydra
 16403 | Lair:2   | Got a smoking trident
 16410 | Lair:2   | Identified the cursed +1 trident "Sanizu Guhiu" {elec,
                  | Fragile rF++ MP+9 Dex+4} (You found it on level 2 of the
                  | Lair of Beasts)
 16473 | Lair:2   | Reached ** piety under Nemelex Xobeh
 16636 | Lair:2   | HP: 7/78 [spiny frog (23)]
 16969 | Lair:1   | Reached skill level 3 in Charms
 16969 | Lair:1   | Reached skill level 3 in Necromancy
 16980 | Lair:1   | HP: 14/78 [spiny frog (12)]
 16998 | Lair:1   | HP: 16/78 [blink frog (3)]
 17674 | Lair:2   | Reached skill level 9 in Fighting
 17755 | Lair:2   | Received a gift from Nemelex Xobeh
 17933 | Lair:2   | Killed a four-headed hydra
 18278 | Lair:2   | Received a gift from Nemelex Xobeh
 18770 | Lair:3   | Reached skill level 4 in Charms
 18836 | Lair:3   | Got a twisted broad axe
 18876 | Lair:3   | Reached skill level 4 in Necromancy
 18881 | Lair:3   | HP: 17/80 [black mamba (13)]
 18882 | Lair:3   | Reached skill level 7 in Invocations
 18891 | Lair:3   | Reached skill level 5 in Dodging
 19118 | Lair:2   | Identified the cursed +1 broad axe of Bloodstone {chop, rN+
                  | Str+4} (You found it on level 3 of the Lair of Beasts)
 19258 | Lair:3   | Reached *** piety under Nemelex Xobeh
 19278 | Lair:3   | Found a staircase to the Snake Pit.
 19316 | Lair:3   | HP: 9/80 [black mamba (14)]
 19705 | Lair:3   | Reached XP level 12. HP: 64/87 MP: 24/24
 20176 | Lair:3   | Reached skill level 6 in Dodging
 20212 | Lair:3   | Reached skill level 8 in Invocations
 20544 | Lair:4   | Noticed a death yak
 20554 | Lair:4   | Received a gift from Nemelex Xobeh
 20683 | Lair:4   | Reached skill level 10 in Fighting
 21056 | Lair:4   | Killed a death yak
 21202 | Lair:4   | Reached skill level 7 in Dodging
 21299 | Lair:4   | Reached **** piety under Nemelex Xobeh
 21543 | Lair:3   | Reached skill level 9 in Invocations
 22562 | Lair:4   | Learned a level 6 spell: Iron Shot
 22940 | Lair:5   | Reached skill level 1 in Shields
 23013 | Lair:5   | Received a gift from Nemelex Xobeh
 23199 | Lair:5   | Reached ***** piety under Nemelex Xobeh
 23230 | Lair:4   | Reached skill level 2 in Shields
 23809 | Lair:5   | Noticed Urug
 23828 | Lair:5   | Identified the +0 trident of the Hand {flame, +Rage +Fly
                  | rN+ Str+2}
 23836 | Lair:5   | Killed Urug
 23889 | Lair:5   | Reached skill level 11 in Fighting
 23924 | Lair:5   | Reached skill level 3 in Shields
 24014 | Lair:5   | Reached skill level 8 in Dodging
 24379 | Lair:5   | Reached XP level 13. HP: 71/95 MP: 25/25
 24633 | Lair:5   | Found a staircase to the Slime Pits.
 24807 | Lair:6   | Entered Level 6 of the Lair of Beasts
 24807 | Lair:6   | Received a gift from Nemelex Xobeh
 24808 | Lair:6   | Reached skill level 10 in Invocations
 25096 | Lair:6   | Got a polished long sword
 25231 | Lair:6   | Reached skill level 4 in Shields
 25342 | Lair:6   | Found a runed door.
 25399 | Lair:6   | Reached skill level 1 in Earth Magic
 25459 | Lair:6   | Paralysed by a hornet for 3 turns
 25542 | Lair:5   | Upgraded the game from 0.23-a0-619-g281719c6f9 to
                  | 0.23-a0-629-gae4348f6cf
 26118 | Lair:6   | Reached skill level 2 in Earth Magic
 26700 | Lair:6   | HP: 20/95 [barbs]
 26975 | Lair:6   | Reached skill level 9 in Dodging
 27041 | Lair:6   | Reached skill level 3 in Earth Magic
 27193 | Lair:6   | Received a gift from Nemelex Xobeh
 28037 | Lair:6   | Reached skill level 11 in Invocations
 28276 | Lair:6   | Noticed a fire dragon
 28304 | Lair:6   | Killed a fire dragon
 28304 | Lair:6   | Reached skill level 1 in Evocations
 28473 | D:9      | Found an iron altar of Okawaru.
 28473 | D:9      | Found a snail-covered altar of Cheibriados.
 28473 | D:9      | Found a stormy altar of Qazlal.
 28535 | D:9      | Found Maboinioj's Distillery.
 28536 | D:9      | Noticed Psyche
 28538 | D:9      | Bought a potion of heal wounds for 75 gold pieces
 28772 | D:9      | Found Hoevitam's Food Shop.
 28794 | D:9      | Reached skill level 4 in Earth Magic
 29001 | D:9      | Reached skill level 2 in Evocations
 29113 | D:9      | Found a bloodstained altar of Trog.
 29250 | D:9      | Reached skill level 12 in Fighting
 29448 | D:9      | Found a shadowy altar of Dithmenos.
 29567 | D:10     | Entered Level 10 of the Dungeon
 29764 | D:10     | Reached skill level 3 in Evocations
 29964 | D:10     | Received a gift from Nemelex Xobeh
 30181 | D:10     | Identified the +9 long sword "Emiblaik" {venom, rPois rF+
                  | SInv} (You found it on level 6 of the Lair of Beasts)
 30588 | D:10     | Found a runed gate.
 30588 | D:10     | Found a runed gate.
 30591 | D:10     | Found a runed gate.
 30646 | D:10     | Noticed feta's ghost (journeyman FoFi)
 30944 | D:10     | Reached skill level 4 in Evocations
 30944 | D:10     | Reached XP level 14. HP: 101/103 MP: 26/26
 30970 | D:11     | Received a gift from Nemelex Xobeh
 31669 | D:11     | Found a staircase to the Orcish Mines.
 32091 | D:12     | Reached skill level 5 in Evocations
 32125 | D:12     | Reached skill level 5 in Earth Magic
 32268 | D:12     | Received a gift from Nemelex Xobeh
 32522 | D:12     | Reached skill level 10 in Dodging
 33683 | D:12     | Reached skill level 6 in Evocations
 33775 | D:13     | Received a gift from Nemelex Xobeh
 34064 | D:13     | Found Venaume's Antique Weapon Shop.
 34136 | D:13     | Reached skill level 5 in Shields
 34569 | D:12     | Reached skill level 7 in Evocations
 34672 | Orc:1    | Entered Level 1 of the Orcish Mines
 34682 | Orc:1    | Found Sacerr's Assorted Antiques.
 34729 | Orc:1    | HP: 17/104 [orc warrior/+1 battleaxe of freezing[an orc
                  | knight] (10)]
 34732 | Orc:1    | RKaid: ??halberd
 34732 | Orc:1    | beem: halberd[1/1]: (polearms; -3 acc / 13 dam / 1.5 base
                  | delay / 0.7 min delay; two handed). A polearm consisting of
                  | an axe blade topped with a spike, mounted on a long shaft.
                  | Halberds chop hydra heads.
 34760 | Orc:1    | Reached skill level 6 in Earth Magic
 34771 | Orc:1    | Paralysed by an orc sorcerer for 3 turns
 34989 | Orc:1    | Found a roughly hewn altar of Beogh.
 34993 | Orc:1    | Bought a scroll labeled RINGYO HOSM for 25 gold pieces
 35242 | Orc:1    | Paralysed by an orc sorcerer for 2 turns
 35250 | Orc:1    | Paralysed by an orc sorcerer for 7 turns
 35259 | Orc:1    | Reached skill level 6 in Shields
 35292 | Orc:1    | Received a gift from Nemelex Xobeh
 35481 | Orc:1    | Reached ****** piety under Nemelex Xobeh
 35675 | Orc:2    | Entered Level 2 of the Orcish Mines
 36153 | Orc:2    | Received a gift from Nemelex Xobeh
 36402 | Orc:2    | Noticed an orc warlord
 36494 | Orc:2    | Killed an orc warlord
 36505 | Orc:2    | Reached skill level 8 in Evocations
 36643 | Orc:2    | Found a staircase to the Elven Halls.
 36675 | Orc:2    | Noticed an orc warlord
 36875 | Orc:2    | Killed an orc warlord
 37099 | Orc:2    | Paralysed by an ogre mage for 7 turns
 37119 | Orc:2    | Found Keugywk's Antique Weapon Shop.
 37179 | Orc:2    | Found an ancient bone altar of Kikubaaqudgha.
 37183 | Orc:2    | Noticed Nergalle
 37479 | Orc:2    | Killed Nergalle
 37479 | Orc:2    | Reached skill level 7 in Shields
 37584 | Orc:2    | Found Dehaosk's Magic Scroll Boutique.
 37630 | Orc:2    | Received a gift from Nemelex Xobeh
 37632 | Orc:2    | Found a roughly hewn altar of Beogh.
 37632 | Orc:2    | Found Komaz's Antique Weapon Shop.
 37658 | Orc:2    | Found Osiameh's Book Shop.
 37700 | Orc:2    | Bought a scroll of fear for 45 gold pieces
 37700 | Orc:2    | Bought 2 scrolls of teleportation for 78 gold pieces
 37702 | Orc:2    | Found a radiant altar of Vehumet.
 37938 | D:8      | Bought the ring "Amuy" {Wiz Dex+2} for 659 gold pieces
 38071 | D:13     | Found a gate to the Vaults.
 38245 | D:13     | Reached skill level 9 in Evocations
 38314 | D:13     | Reached XP level 15. HP: 109/109 MP: 27/27
 38337 | D:13     | Identified the Grimoire of Glacial Aid
 38390 | D:13     | Reached skill level 7 in Earth Magic
 38470 | D:13     | Reached skill level 13 in Fighting
 38965 | D:13     | Received a gift from Nemelex Xobeh
 39427 | D:14     | Found a blossoming altar of Fedhas.
 39522 | D:14     | HP: 27/110 [centaur warrior/arrow (23)]
 39527 | D:14     | Reached skill level 8 in Shields
 39930 | D:14     | Identified the +0 long sword "Ogrebane" {venom, *Noise
                  | rElec rF+ SInv}
 40174 | D:14     | Received a gift from Nemelex Xobeh
 40269 | D:15     | Entered Level 15 of the Dungeon
 40738 | D:15     | Reached skill level 10 in Evocations
 40974 | D:15     | Received a gift from Nemelex Xobeh
 41265 | D:15     | Reached skill level 9 in Shields
 41658 | D:15     | Killed from afar by an ice dragon

Vault maps used:
D:1:      lemuel_arrival_muddy, minmay_tripent
D:2:      minmay_misc_feat_enclosed
D:4:      first_ration, kennysheep_flooded_box
D:6:      gammafunk_ghost_necromancy, serial_shops, nicolae_shop_behind_doors,
          lemuel_tele_altar, uniq_edmund
D:7:      lemuel_crystal_altar, nicolae_overflow_quartered_altars,
          fedhas_bush_and_centaur_altar, minmay_temple_entry_gardened_gates,
          uniq_duvessa
D:8:      gammafunk_temple_of_torment, dpeg_lair_monsters, serial_shops, shop,
          okawaru_humans, uniq_grum
D:9:      grunt_temple_overflow_open, lemuel_round_altar,
          grunt_dithmenos_smoke_and_mirrors, serial_shops, nicolae_shop_trees,
          nicolae_shop_trees, nicolae_shop_window_shopping, kennysheep_mini,
          uniq_psyche
D:10:     minmay_spotlight, gammafunk_ghost_necromancy
D:11:     lemuel_flame_loot_2
D:12:     blue_anna_alchemist
D:13:     minmay_clustersquares, david_vaults_4, serial_shops,
          nicolae_shop_trees, grunt_ministairs_4
D:14:     serial_aquarium, aquarium_bridge_square, aquarium_window_2,
          aquarium_window_1, aquarium_window_fake, aquarium_view_2a,
          aquarium_view_2b, aquarium_balcony_3b, aquarium_pool_S, basic_altar
D:15:     grunt_enter_depths_hoard, minmay_misc_feat_pillars, minmay_orc_keep
Temple:   nicolae_temple_figure_zero
Lair:1:   gauntlet_entry_generic
Lair:2:   swamp_mist
Lair:3:   minmay_snake_entry_six_corridors
Lair:4:   chequers_serial_rivers_marsh, grunt_megastairs_1, serial_bayou_shore_b
Lair:5:   minmay_slime_entry_oklob_enclosed, minmay_shattered_shrine,
          lemuel_fruit_tree, uniq_urug
Lair:6:   wormcave, hangedman_lair_in_review
Orc:1:    serial_shops, nicolae_shop_overgrown_old_shop, basic_altar
Orc:2:    kennysheep_orc_mage_school
Gauntlet: gammafunk_gauntlet_hard_choice

Skill      XL: |  1  2  3  4  5  6  7  8  9 10 11 12 13 14 15 |
---------------+----------------------------------------------+-----
Fighting       | 1 2 3 4 6 7 8 9 11 12 13 | 13.0
Conjurations   | 2 3 4 5 6 7 |  7.6
Spellcasting   | 4 5 6 7 8 |  8.1
Invocations    | 3 5 7 9 11 | 11.0
Hexes          | 3 4 |  4.1
Summonings     | 3 4 |  4.1
Charms         | 1 4 |  4.0
Necromancy     | 1 4 |  4.0
Dodging        | 3 5 8 9 10 | 10.0
Shields        | 3 4 7 9 |  9.0
Earth Magic    | 4 6 7 |  7.7
Evocations     | 4 9 10 | 10.3
Stealth        | |  2.6
Translocations | |  1.0

Action                   |  1- 3 |  4- 6 |  7- 9 | 10-12 | 13-15 || total
-------------------------+-------+-------+-------+-------+-------++-------
Melee: Unarmed           |    30 |    15 |    20 |       |       ||    65
       Constrict         |     8 |     4 |     9 |    22 |    97 ||   140
       Tentacles         |     6 |     2 |     6 |    28 |   133 ||   175
       Trident           |       |       |    19 |   148 |   836 ||  1003
 Cast: Magic Dart        |    92 |   154 |   293 |   409 |  1141 ||  2089
       Conjure Flame     |       |     4 |     7 |     1 |     3 ||    15
       Blink             |       |     4 |     6 |    11 |    42 ||    63
       Call Imp          |       |     7 |    26 |    88 |   111 ||   232
       Confusing Touch   |       |     1 |     1 |     9 |     1 ||    12
       Mephitic Cloud    |       |       |     5 |    12 |    47 ||    64
       Animate Skeleton  |       |       |       |    58 |   115 ||   173
       Regeneration      |       |       |       |    11 |    21 ||    32
Invok: Stack Five        |       |       |       |       |     2 ||     2
 Abil: Draw Destruction  |       |       |     5 |    14 |    35 ||    54
       Draw Summoning    |       |       |     3 |    12 |    24 ||    39
       Draw Stack        |       |       |       |       |     9 ||     9
       Draw Escape       |       |       |       |       |     2 ||     2
Evoke: Wand              |       |     4 |     4 |    14 |    41 ||    63
       Phial of floods   |       |       |       |     1 |     1 ||     2
  Use: Potion            |       |     1 |       |     3 |     5 ||     9
       Scroll            |       |    15 |     3 |    10 |    14 ||    42
 Stab: Sleeping          |       |       |     1 |     2 |     9 ||    12
       Confused          |       |       |       |     7 |    13 ||    20
       Distracted        |       |       |       |     3 |     3 ||     6
       Paralysed         |       |       |       |       |    14 ||    14
       Petrified         |       |       |       |       |     8 ||     8
  Eat: Chunk             |     4 |     7 |    10 |    21 |    40 ||    82
       Ration            |       |     2 |     3 |     4 |     7 ||    16
Armor: Skin              |    11 |     5 |    29 |    79 |   244 ||   368
Dodge: Dodged            |    38 |    47 |   104 |   315 |  1166 ||  1670
Block: Buckler           |       |       |       |    13 |   303 ||   316
       Shield            |       |       |       |       |   178 ||   178

Table legend:
 A = Non-vault XP
 B = Vault XP
 C = Vault XP percentage of total XP
 D = Non-vault monster count
 E = Vault monster count
 F = Vault count percentage of total count
                 A         B        C        D         E       F
            +---------+---------+-------+---------+---------+-------
      Total |   64074 |   39951 |  38.4 |     554 |     174 |  23.9
            +---------+---------+-------+---------+---------+-------
        D:1 |      31 |       3 |   8.8 |      13 |       2 |  13.3
        D:2 |      56 |       0 |   0.0 |      22 |       0 |   0.0
        D:3 |     243 |       0 |   0.0 |      27 |       0 |   0.0
        D:4 |     110 |       0 |   0.0 |       9 |       0 |   0.0
        D:5 |     415 |       0 |   0.0 |      13 |       0 |   0.0
        D:6 |     977 |       0 |   0.0 |      39 |       0 |   0.0
        D:7 |     568 |     252 |  30.7 |       7 |       3 |  30.0
        D:8 |     508 |    4642 |  90.1 |       5 |      13 |  72.2
        D:9 |    2650 |       0 |   0.0 |      24 |       0 |   0.0
       D:10 |    2086 |     275 |  11.6 |      27 |       4 |  12.9
       D:11 |    3174 |       0 |   0.0 |      34 |       0 |   0.0
       D:12 |    4423 |     478 |   9.8 |      31 |       3 |   8.8
       D:13 |    6234 |    5706 |  47.8 |      34 |      20 |  37.0
       D:14 |    3547 |       0 |   0.0 |      17 |       0 |   0.0
       D:15 |    9603 |    2239 |  18.9 |      35 |      10 |  22.2
     Lair:1 |    2050 |       0 |   0.0 |      13 |       0 |   0.0
     Lair:2 |    2167 |       0 |   0.0 |      11 |       0 |   0.0
     Lair:3 |    3502 |    2068 |  37.1 |      22 |      16 |  42.1
     Lair:4 |    4556 |    1576 |  25.7 |      26 |      11 |  29.7
     Lair:5 |    3470 |    3878 |  52.8 |      22 |      14 |  38.9
     Lair:6 |    4089 |   11013 |  72.9 |      22 |      34 |  60.7
      Orc:1 |    4013 |       0 |   0.0 |      45 |       0 |   0.0
      Orc:2 |    5602 |    4820 |  46.2 |      56 |      34 |  37.8
   Gauntlet |       0 |    3001 | 100.0 |       0 |      10 | 100.0
            +---------+---------+-------+---------+---------+-------

Table legend:
 A = Turns spent in this place as a percentage of turns spent in the entire game.
 B = Non-inter-level travel turns spent in this place as a percentage of non-inter-level travel turns spent in the entire game.
 C = Inter-level travel turns spent in this place as a percentage of turns spent in this place.
 D = Turns resting spent in this place as a percentage of non-inter-level travel turns spent in this place.
 E = Turns spent auto-exploring this place as a percentage of non-inter-level travel turns spent in this place.
 F = Non-inter-level travel turns spent in this place divided by the number of levels of this place that you've seen.
                   A       B       C       D       E      F
               +-------+-------+-------+-------+-------+----------------------
         Total | 100.0 | 100.0 |   6.1 |  37.2 |  31.9 | 1564.0
       Dungeon |  58.5 |  57.8 |   7.2 |  40.6 |  32.9 | 1506.7
        Temple |   0.3 |   0.3 |   0.0 |   0.0 |  89.2 | 120.0
          Lair |  31.1 |  31.6 |   4.5 |  34.8 |  30.3 | 2061.5
  Orcish Mines |   7.5 |   7.4 |   6.7 |  15.7 |  38.3 | 1449.5
      Gauntlet |   2.7 |   2.8 |   0.0 |  55.4 |   6.9 | 1111.0
               +-------+-------+-------+-------+-------+----------------------

Table legend:
 A = Kills in this place as a percentage of kills in entire the game.
 B = Kills by you in this place as a percentage of kills by you in the entire game.
 C = Kills by friends in this place as a percentage of kills by friends in the entire game.
 D = Other kills in this place as a percentage of other kills in the entire game.
 E = Experience gained in this place as a percentage of experience gained in the entire game.
 F = Experience gained in this place divided by the number of levels of this place that you have seen.
                   A       B       C       D       E      F
               +-------+-------+-------+-------+-------+----------------------
         Total | 100.0 | 100.0 | 100.0 | 100.0 | 100.0 | 4161.0
       Dungeon |  53.8 |  67.1 |  26.5 |  26.3 |  46.4 | 3214.7
          Lair |  26.2 |  16.3 |  48.4 |  26.3 |  36.9 | 6394.8
  Orcish Mines |  18.5 |  15.5 |  24.2 |  31.6 |  13.9 | 7217.5
      Gauntlet |   1.4 |   1.0 |   0.9 |  15.8 |   2.9 | 3001.0
               +-------+-------+-------+-------+-------+----------------------
